 Dungeon Crawl Stone Soup version 0.30-a0-605-gb2882149bf (webtiles) character file.

Game seed: 730341535262778450

44150 bmack86 the Warrior (level 13, -7/127 HPs)
             Began as a Minotaur Fighter on Jan 8, 2023.
             Was a High Priest of Okawaru.
             Mangled by a +6 bardiche of chaos (14 damage)
             ... while paralysed by a +6 bardiche of chaos
             ... on level 5 of the Lair of Beasts.
             The game lasted 00:41:54 (16022 turns).

bmack86 the Warrior (Minotaur Fighter)             Turns: 16022, Time: 00:41:55

Health: -7/127     AC: 25    Str: 31    XL:     13   Next: 94%
Magic:  12/18      EV:  2    Int: 11    God:    Okawaru [*****.]
Gold:   1801       SH:  0    Dex: 13    Spells: 12/12 levels left

rFire   . . .      SeeInvis +    l - +5 hand axe of the Divine God {drain, rC+ Str+3}
rCold   + + .      Faith    +    K - +0 kite shield
rNeg    . . .      Spirit   .    t - +0 plate armour
rPois   .          Reflect  .    c - +1 hat
rElec   +          Harm     +    r - +1 cloak of the Locust {Harm rElec rC+ Dex+3 SInv}
rCorr   .          Rampage  .    J - +0 pair of gloves of the Orb Guardian {Str+2}
Will    .....                    x - +1 pair of boots Stlth
                                 B - amulet of faith
HPRegen 0.41/turn                f - +6 ring of intelligence
MPRegen 0.16/turn                d - +5 ring of evasion

@: paralysed, heroic, finesse-ful, studying Maces & Flails
A: horns 2, retaliatory headbutt
a: Renounce Religion, Heroism, Finesse, Duel


You were on level 5 of the Lair of Beasts.
You worshipped Okawaru.
Okawaru was extremely pleased with you.
You visited 3 branches of the dungeon, and saw 17 of its levels.
You also visited: Volcano.

You collected 1801 gold pieces.

Inventory:

Hand Weapons
 l - the +5 hand axe of the Divine God (weapon) {drain, rC+ Str+3}
   (You found it on level 2 of the Dungeon)

   Str:       It affects your strength (+3).
   rC:        It protects you from cold.
 E - a +4 war axe
Missiles
 a - 6 silver javelins
 m - 12 boomerangs
 s - 16 javelins (quivered)
 v - a throwing net
Armour
 c - a +1 hat (worn)
 r - the +1 cloak of the Locust (worn) {Harm rElec rC+ Dex+3 SInv}
   (Okawaru gifted it to you on level 5 of the Lair of Beasts)

   Dex:       It affects your dexterity (+3).
   rC:        It protects you from cold.
   rElec:     It insulates you from electricity.
   SInv:      It lets you see invisible.
   Harm:      It increases damage dealt and taken.
 t - a +0 plate armour (worn)
 x - a +1 pair of boots (worn)
 J - the +0 pair of gloves of the Orb Guardian (worn) {Str+2}
   (Okawaru gifted it to you on level 3 of the Lair of Beasts)

   Str:       It affects your strength (+2).
 K - a +0 kite shield (worn)
Jewellery
 d - a +5 ring of evasion (right hand)
 f - a +6 ring of intelligence (left hand)
 B - an amulet of faith (around neck)
 D - a ring of see invisible
Wands
 k - a wand of polymorph (15)
 p - a wand of flame (59)
 A - a wand of quicksilver (9)
 C - a wand of iceblast (10)
Scrolls
 j - 5 scrolls of blinking
 n - 8 scrolls of teleportation
 o - 3 scrolls of poison
 q - 4 scrolls of identify
 u - 4 scrolls of amnesia
 y - 4 scrolls of fog
 z - 2 scrolls of enchant weapon
Potions
 b - a potion of mutation
 e - 3 potions of curing
 g - 9 potions of attraction
 h - 2 potions of flight
 w - 2 potions of brilliance
 F - 2 potions of haste
 G - a potion of might
Miscellaneous
 I - a piece from Xom's chessboard (15/15)


   Skills:
 * Level 15.4(20.4) Fighting
 * Level 15.0(20.0) Axes
 + Level 8.2(13.2) Throwing
 + Level 11.3(16.3) Armour
 + Level 11.2(16.2) Shields
 + Level 8.2 Invocations


You had 12 spell levels left.
You didn't know any spells.
Your spell library contained the following spells:

 Spells                   Type           Power      Damage    Failure   Level
 Apportation              Tloc           0%         N/A       96%         1
 Magic Dart               Conj           0%         1d3       96%         1
 Necrotise                Necr           0%         1d4       96%         1
 Sandblast                Erth           0%         2d4       96%         1
 Cigotuvi's Dreadful Rot  Necr/Pois/Air  0%         N/A       99%         2
 Passwall                 Tmut/Erth      0%         N/A       99%         2
 Poisonous Vapours        Pois/Air       0%         N/A       99%         2
 Dazzling Flash           Conj/Hex       0%         N/A       100%        3
 Ignite Poison            Fire/Tmut/Pois 0%         N/A       100%        3
 Mephitic Cloud           Conj/Pois/Air  0%         N/A       100%        3
 Stone Arrow              Conj/Erth      0%         3d7       100%        3
 Vampiric Draining        Necr           0%         2d6       100%        3
 Airstrike                Air            0%         2d(0-16)  100%        4
 Anguish                  Hex/Necr       0%         N/A       100%        4
 Iskenderun's Mystic Bla  Conj/Tloc      0%         2d3       100%        4
 Passage of Golubria      Tloc           0%         N/A       100%        4
 Sticky Flame             Conj/Fire      0%         2d3       100%        4
 Agony                    Necr           0%         N/A       100%        5
 Alistair's Intoxication  Tmut/Pois      0%         N/A       100%        5
 Lightning Bolt           Conj/Air       0%         1d11      100%        5
 Silence                  Hex/Air        0%         N/A       100%        5
 Starburst                Conj/Fire      0%         6d3       100%        6
 Enfeeble                 Hex            0%         N/A       100%        7
 Ignition                 Fire           0%         3d3       100%        8
 Lehudib's Crystal Spear  Conj/Erth      0%         10d2      100%        8
 Call Imp                 Summ           Unusable   N/A       N/A         2
 Summon Lightning Spire   Summ/Air       Unusable   N/A       N/A         4

Dungeon Overview and Level Annotations

Branches:
Dungeon (11/15)            Temple (1/1) D:6            Lair (5/5) D:8
 Shoals (0/4) Lair:3        Snake (0/4) Lair:2        Slime (0/5) Lair:5
    Orc (0/2) D:9         Volcano (visited)

Altars:
Ashenzari
Cheibriados
Dithmenos
Elyvilon
Fedhas
Gozag
Hepliaklqana
Kikubaaqudgha
Makhleb
Nemelex Xobeh
Okawaru
Qazlal
Ru
Sif Muna
Trog
Uskayaw
Vehumet
Wu Jian
Xom
Yredelemnul
Zin
The Shining One
Jiyva

Shops:
D:2 [   D:7 [   D:8 :

Annotations:
Lair:5 crescentfresh's ghost, journeyman TrBe


Innate Abilities, Weirdness & Mutations

You have a pair of horns on your head.
You reflexively headbutt those who attack you in melee.


Message History

The +6 bardiche of chaos hits you from afar!
The +6 bardiche of chaos freezes you.
You hit crescentfresh's ghost but do no damage.
Your headbutt misses crescentfresh's ghost.
You hit crescentfresh's ghost but do no damage.
You hit crescentfresh's ghost.
Crescentfresh's ghost is lightly damaged.
The +6 bardiche of chaos misses you.
Crescentfresh's ghost hits you but does no damage.
You slash crescentfresh's ghost!
Crescentfresh's ghost is lightly damaged.
You hit crescentfresh's ghost.
Crescentfresh's ghost is lightly damaged.
The +6 bardiche of chaos hits you from afar!!
The +6 bardiche of chaos burns you.
You block crescentfresh's ghost's attack.
You slice crescentfresh's ghost!!
Your headbutt misses crescentfresh's ghost.
Crescentfresh's ghost is moderately damaged.
You hit crescentfresh's ghost but do no damage.
Your headbutt misses crescentfresh's ghost.
Crescentfresh's ghost is moderately damaged.
You slash crescentfresh's ghost!
Crescentfresh's ghost is moderately damaged.
You block the +6 bardiche of chaos's attack.
You block crescentfresh's ghost's attack.
You slash crescentfresh's ghost!
Crescentfresh's ghost is heavily damaged.
You hit crescentfresh's ghost but do no damage.
Crescentfresh's ghost is heavily damaged.
You hit crescentfresh's ghost but do no damage.
Crescentfresh's ghost is heavily damaged.
The +6 bardiche of chaos hits you from afar!!
You suddenly lose the ability to move!
Crescentfresh's ghost whispers, "Everlasting silence awaits you..."
Crescentfresh's ghost hits you!!
* * * LOW HITPOINT WARNING * * *
Crescentfresh's ghost hits you but does no damage.
The +6 bardiche of chaos hits you from afar!
You die...

....## ##........##...# [....##
#.....####...## ......#
####.###....P### .###..##
*#####...##..P.# ...#...#
####.###...####...## ...#..P#
#.#..##...##**##..#. .......#
#...####..# *~*#.#.. ####..##
###...#?##..#**≈##.P.# .#....#
#....@W(.##.#*≈≈≈#..P. ......#
##....#.###.#≈≈≈≈#.... ....###
#.....#####.#≈≈≈≈#.... #...#
##..#.# #...#≈~~≈#.... ...##
#.P### #.P.#≈≈~~~≈~~~ ...#
######.##*####...≈≈≈~≈.≈~≈
########.#.....##.# ##...≈~≈~~~~~
###.P#.#..PP#..#..###...~.≈.~~≈~~
.............^............~...~.~


You could see a +6 bardiche of chaos and crescentfresh's ghost.

Vanquished Creatures
  A dire elephant (Lair:5)
  3 hydras
  A catoblepas (Lair:5)
  A two-headed ogre (D:9)
  A centaur warrior (D:10)
  2 boulder beetles
  6 death yaks (Lair:5)
  Nergalle (Lair:3)
  Pikel (D:8)
  2 lindwurms (Lair:5)
  3 manticores
  6 elephants
  8 black mambas
  7 cane toads
  A torpor snail (Lair:5)
  7 rime drakes
  7 komodo dragons
  2 polar bears
  A wind drake (Lair:3)
  2 hornets
  32 blink frogs
  5 wyverns
  33 yaks
  5 basilisks
  3 fire bats (Lair:5)
  6 steam dragons
  2 vampire mosquitoes (D:10)
  13 water moccasins
  3 nagas (Lair:2)
  2 acid dragons
  A floating eye (shapeshifter) (D:10)
  2 orc warriors
  2 ice beasts
  7 black bears
  5 ogres
  7 wolves
  2 centaurs
  A lemure (D:8)
  A kobold brigand (D:8)
  5 bullfrogs
  2 scorpions (D:5)
  10 wights
  3 necrophages
  19 killer bees
  3 vampire bats (D:6)
  A howler monkey (D:8)
  2 electric eels (Lair:4)
  2 hounds (D:6)
  2 jellies
  3 orc priests
  10 iguanas
  4 orc wizards
  2 hell rats (Lair:3)
  10 river rats (Lair:3)
  7 adders
  A white imp (D:5)
  An ufetubus (D:4)
  3 dart slugs
  3 worms
  22 orcs
  A ball python (D:2)
  4 endoplasms
  7 giant cockroaches
  10 goblins
  3 hobgoblins
  3 jackals (D:2)
  2 quokkas
  11 bats
  7 frilled lizards
  11 kobolds
  5 rats
374 creatures vanquished.

Vanquished Creatures (others)
  11 fungi
  40 plants
51 creatures vanquished.

Grand Total: 425 creatures vanquished

Notes
Turn   | Place    | Note
-------+----------+-------------------------------------------
     0 | D:1      | bmack86 the Minotaur Fighter began the quest for the Orb.
     0 | D:1      | Reached XP level 1. HP: 19/19 MP: 0/0
   409 | D:1      | Reached XP level 2. HP: 25/27 MP: 1/1
   722 | D:1      | Found a faded altar of an unknown god.
   793 | D:2      | Reached XP level 3. HP: 33/33 MP: 2/2
   935 | D:2      | Identified the +5 hand axe of the Divine God {drain, rC+
                  | Str+3}
  1226 | D:2      | Found Cuele's Antique Armour Shoppe.
  1590 | D:3      | Found a radiant altar of Vehumet.
  1773 | D:3      | Found a sacrificial altar of Ru.
  1807 | D:3      | Reached XP level 4. HP: 41/41 MP: 3/3
  1969 | D:3      | You fall into a shaft and drop 3 floors!
  1974 | D:6      | Noticed a bullfrog
  1982 | D:6      | Killed a bullfrog
  1983 | D:6      | Reached skill level 5 in Fighting
  1983 | D:6      | Reached XP level 5. HP: 36/48 MP: 4/4
  2031 | D:6      | Noticed an ogre
  2040 | D:6      | Killed an ogre
  2041 | D:6      | Reached XP level 6. HP: 31/56 MP: 5/5
  2100 | D:6      | Found a staircase to the Ecumenical Temple.
  2109 | Temple   | Entered the Ecumenical Temple
  2206 | D:6      | Reached skill level 5 in Axes
  2271 | D:6      | Reached skill level 5 in Armour
  2271 | D:6      | Reached skill level 5 in Shields
  2303 | D:6      | Found an iron altar of Okawaru.
  2310 | D:6      | Became a worshipper of Warmaster Okawaru
  2327 | D:5      | Entered Level 5 of the Dungeon
  2396 | D:4      | Reached XP level 7. HP: 54/64 MP: 6/6
  2580 | D:4      | Found a sparkling altar of Nemelex Xobeh.
  3054 | D:4      | Found a shimmering blue altar of Sif Muna.
  3742 | D:5      | Reached * piety under Okawaru
  3750 | D:5      | Reached skill level 1 in Throwing
  3870 | D:5      | Reached XP level 8. HP: 67/73 MP: 7/7
  3912 | D:5      | Reached skill level 1 in Invocations
  4543 | D:6      | Found a stormy altar of Qazlal.
  4725 | D:6      | Identified a scroll of acquirement
  4725 | D:6      | Acquired 664 gold pieces
  5317 | D:7      | Found an ornate altar of the Wu Jian Council.
  5318 | D:7      | Found a glowing silver altar of Zin.
  5383 | D:7      | Reached ** piety under Okawaru
  5396 | D:7      | Noticed a hornet
  5404 | D:7      | Killed a hornet
  5576 | D:7      | Found a snail-covered altar of Cheibriados.
  5612 | D:7      | Reached XP level 9. HP: 82/82 MP: 9/9
  5676 | D:7      | Found Cheibriados's Comfort Zone.
  5678 | D:7      | Found a snail-covered altar of Cheibriados.
  5770 | D:7      | Found a bloodstained altar of Trog.
  5946 | D:7      | Reached *** piety under Okawaru
  6204 | D:8      | Found a staircase to the Lair.
  6210 | D:8      | Noticed Pikel
  6220 | D:8      | Killed Pikel
  6358 | D:8      | Reached XP level 10. HP: 19/93 MP: 11/11
  6714 | D:8      | Found Inazom's Book Shop.
  7047 | D:8      | Reached skill level 10 in Fighting
  7488 | D:9      | Received a gift from Okawaru
  7506 | D:9      | Noticed a two-headed ogre
  7515 | D:9      | Killed a two-headed ogre
  7544 | D:9      | Reached skill level 10 in Axes
  7770 | D:9      | Reached **** piety under Okawaru
  7957 | D:9      | Found a staircase to the Orcish Mines.
  8440 | D:10     | Entered Level 10 of the Dungeon
  8764 | D:10     | Reached ***** piety under Okawaru
  9149 | D:10     | Noticed a centaur warrior
  9158 | D:10     | Killed a centaur warrior
  9249 | D:10     | Received a gift from Okawaru
  9432 | D:11     | Reached skill level 5 in Invocations
  9538 | Lair:1   | Entered Level 1 of the Lair of Beasts
  9556 | Lair:1   | Reached skill level 5 in Throwing
  9559 | Lair:1   | Reached XP level 11. HP: 102/102 MP: 13/13
  9690 | Lair:1   | Identified the +10 long sword "Keulij" {vamp, rElec Int+6}
  9807 | Lair:1   | Received a gift from Okawaru
 10300 | Lair:2   | You fall into a shaft and drop 1 floor!
 10685 | Lair:2   | Received a gift from Okawaru
 10700 | Lair:2   | Received a gift from Okawaru
 10877 | Lair:2   | Found a staircase to the Snake Pit.
 11061 | Lair:2   | Identified the +2 hand axe of the Sea {drain, SInv}
                  | (Okawaru gifted it to you on level 2 of the Lair of Beasts)
 11061 | Lair:2   | Received a gift from Okawaru
 11233 | Lair:2   | Reached ****** piety under Okawaru
 11356 | Lair:2   | Reached XP level 12. HP: 92/113 MP: 15/15
 12023 | Lair:3   | Noticed Nergalle
 12041 | Lair:3   | Killed Nergalle
 12041 | Lair:3   | Identified the +0 pair of gloves of the Orb Guardian
                  | {Str+2} (Okawaru gifted it to you on level 3 of the Lair of
                  | Beasts)
 12041 | Lair:3   | Received a gift from Okawaru
 12163 | Lair:3   | Found a staircase to the Shoals.
 12875 | Lair:4   | Noticed a boulder beetle
 12911 | Lair:3   | Killed a boulder beetle
 13048 | Lair:4   | Reached skill level 10 in Armour
 13188 | Lair:4   | Noticed a five-headed hydra
 13194 | Lair:4   | Killed a five-headed hydra
 13195 | Lair:4   | Reached skill level 10 in Shields
 13345 | Lair:4   | Noticed a five-headed hydra
 13358 | Lair:4   | Killed a ten-headed hydra
 13358 | Lair:4   | Received a gift from Okawaru
 13752 | Lair:4   | Received a gift from Okawaru
 14079 | Lair:5   | Entered Level 5 of the Lair of Beasts
 14085 | Lair:5   | Received a gift from Okawaru
 14123 | Lair:5   | Noticed a boulder beetle
 14139 | Lair:5   | Reached XP level 13. HP: 100/124 MP: 15/17
 14427 | Lair:5   | Found a dark tunnel.
 14455 | Volcano  | Entered a volcano
 14782 | Lair:5   | Found a viscous altar of Jiyva.
 14782 | Lair:5   | Found a staircase to the Slime Pits.
 15005 | Lair:5   | Identified the +5 scimitar "Kirghacyn" {freeze, rN++ Str+6
                  | Int-4} (Okawaru gifted it to you on level 5 of the Lair of
                  | Beasts)
 15005 | Lair:5   | Received a gift from Okawaru
 15020 | Lair:5   | Reached skill level 15 in Fighting
 15229 | Lair:5   | Identified the +9 short sword "Ymuih" {pain, rN+ Str-2
                  | Int+4}
 15303 | Lair:5   | Identified the +1 cloak of the Locust {Harm rElec rC+ Dex+3
                  | SInv} (Okawaru gifted it to you on level 5 of the Lair of
                  | Beasts)
 15303 | Lair:5   | Received a gift from Okawaru
 15776 | Lair:5   | Noticed a dire elephant
 15780 | Lair:5   | Reached skill level 15 in Axes
 15793 | Lair:5   | Killed a dire elephant
 15813 | Lair:5   | Identified the +5 dagger "Xizeam" {elec, *Noise Str-3
                  | Int+10 Stlth+}
 15996 | Lair:5   | Found a runed translucent door.
 15999 | Lair:5   | Found a shimmering altar of Xom.
 15999 | Lair:5   | Noticed crescentfresh's ghost (journeyman TrBe)
 16021 | Lair:5   | Paralysed by a +6 bardiche of chaos for 3 turns
 16022 | Lair:5   | Mangled by a +6 bardiche of chaos

Illustrated notes

Levels and vault maps discovered:
D:1:      dpeg_arrival_rooms_c, layout_basic, shapermc_ecumenical_altar_petra,
          minivault_24
D:2:      layout_basic, serial_shops, nicolae_shop_stone
D:3:      layout_basic, mainiacjoe_overflow_alcove_2, nicolae_vehumet_radiance
D:4:      layout_rooms, old_standard_altar, lemuel_round_altar,
          chequers_serial_rivers_small_a, serial_bayou_pond_b
D:5:      layout_basic, minmay_manual_monstrance
D:6:      layout_basic, okawaru_trees_1, grunt_qazlal_sundering,
          lemuel_temple_firewalk_a, minivault_27, roderic_batcave
D:7:      layout_layer_cave, nicolae_overflow_crystal_walls,
          trog_ov_bears_minmay, mainiacjoe_overflow_divided_tiny,
          minmay_shop_chei
D:8:      layout_cave_pods, david_lair_generic, serial_shops,
          nicolae_shop_statue_plus, uniq_pikel
D:9:      layout_gridville, orc_0_dummy, minmay_fountain_box
D:10:     layout_roguey, minmay_three_doors
D:11:     layout_layer_cave, st_stairs_13, uniq_sonja
Temple:   nicolae_temple_no_exploring_needed
Lair:1:   layout_regular_city, grunt_megastairs_4
Lair:2:   beast_lair_carwin_large_1, layout_cave_pods,
          guppyfry_snake_entry_garden, chequers_serial_rivers_room_b,
          serial_bayou_shore_b
Lair:3:   layout_roguey, minmay_shoals_entry_beasts, kennysheep_rathole,
          uniq_nergalle
Lair:4:   layout_gridlike, serial_bayou_shore_a, grunt_megastairs_5
Lair:5:   hangedman_lair_in_review, layout_big_grid, guppyfry_lair_end_dragon,
          slime_entry_1, nicolae_volcano_entry_batcave, ebering_ghost_xom,
          serial_rivers, chequers_serial_rivers_small_b,
          chequers_serial_rivers_micro_e, chequers_serial_rivers_large_a,
          chequers_serial_rivers_micro_c, chequers_serial_rivers_room_a

Skill      XL: |  1  2  3  4  5  6  7  8  9 10 11 12 13 |
---------------+----------------------------------------+-----
Fighting       | 4 5 6 7 8 9 11 12 14 15 | 15.4
Axes           | 3 4 5 6 8 9 10 12 13 15 | 15.0
Armour         | 4 5 6 7 8 9 10 11 | 11.3
Shields        | 4 5 6 7 8 9 10 11 | 11.2
Throwing       | 1 2 3 5 6 7 8 |  8.2
Invocations    | 2 3 5 6 7 8 |  8.2

Action                   |  1- 3 |  4- 6 |  7- 9 | 10-12 | 13-15 || total
-------------------------+-------+-------+-------+-------+-------++-------
Melee: War axe           |    50 |       |       |       |       ||    50
       Headbutt          |    13 |     6 |    33 |   114 |    58 ||   224
       Hand axe          |    27 |    51 |   168 |   489 |   250 ||   985
Throw: Javelin           |       |       |       |     4 |       ||     4
Invok: Heroism           |       |       |     2 |     4 |     2 ||     8
       Finesse           |       |       |       |     3 |     2 ||     5
  Use: Scroll            |     2 |       |    13 |     7 |     1 ||    23
       Potion            |       |     1 |     2 |       |     1 ||     4
 Stab: Petrified         |       |       |       |       |     6 ||     6
Armor: Scale mail        |    24 |       |       |       |       ||    24
       Chain mail        |    11 |     3 |       |       |       ||    14
       Plate armour      |       |    34 |   133 |   249 |   193 ||   609
       Skin              |       |       |     6 |       |       ||     6
Dodge: Dodged            |    31 |    18 |   113 |   278 |   139 ||   579
Block: Buckler           |    21 |    11 |    45 |   127 |       ||   204
       Kite shield       |       |       |       |    42 |   161 ||   203

Table legend: (Time is in decaauts)
 A = Elapsed time spent in this place.
 B = Non-inter-level travel time spent in this place.
 C = Inter-level travel time spent in this place.
 D = Time resting spent in this place.
 E = Time spent auto-exploring this place.
 F = Levels seen in this place.
 G = Mean time per level.
                   A        B        C        D        E       F      G
               +--------+--------+--------+--------+--------+-----+--------+
         Total |  15862 |  15280 |    582 |   1256 |   9450 |  18 |  881.2 |
       Dungeon |   9550 |   9057 |    493 |    807 |   5781 |  11 |  868.2 |
        Temple |      1 |      1 |      0 |      0 |      0 |   1 |    1.0 |
          Lair |   6302 |   6214 |     88 |    449 |   3669 |   5 | 1260.4 |
       Volcano |      7 |      7 |      0 |      0 |      0 |   1 |    7.0 |
               +--------+--------+--------+--------+--------+-----+--------+

Top non-repeatable levels by time:
  Lair:5: 1859 daAuts
  Lair:2: 1500 daAuts
     D:8: 1345 daAuts
     D:5: 1233 daAuts
  Lair:3: 1218 daAuts
  Lair:4: 1023 daAuts
    D:10: 1013 daAuts
     D:9: 969 daAuts
     D:6: 930 daAuts
     D:7: 915 daAuts
     D:2: 818 daAuts
     D:4: 801 daAuts
     D:1: 785 daAuts
  Lair:1: 700 daAuts
     D:3: 697 daAuts
